Flames vs Kings

Created - September-29-14 at 17:08

Simulating a Pre-Season

Goals
1 2 3 OT1 SO T
Flames 2 0 2 0 1 4
Kings 2 1 1 0 2 5
Shots
1 2 3 OT1 SO T
Flames 14 12 7 0 5 33
Kings 17 17 7 1 5 42

1st period

1. Flames , Bryce Salvador 2 (Erik Johnson, Jonathan Quick) at 5:58 (PP)
2. Kings , Tobias Enstrom 2 (Mikael Granlund, Rene Bourque) at 8:03
3. Flames , Erik Johnson 1 (Dustin Brown, Jack Johnson) at 16:43
4. Kings , Kris Letang 1 (Michal Handzus) at 16:49

Penalties :
Bryce Salvador (CGY) for Interference (Minor) at 0:06, Dustin Brown (CGY) for Roughing (Minor) at 2:06, Robyn Regehr (LOS) for Tripping (Minor) at 4:40, Deryk Engelland (LOS) for Holding (Minor) at 18:20

2nd period

5. Kings , Sean Monahan 4 (Tyler Myers, Ryan Nugent-Hopkins) at 15:49

Penalties :
Robyn Regehr (LOS) for High sticking (Minor) at 6:20, Dustin Brown (CGY) for High sticking (Minor) at 10:26, Anze Kopitar (CGY) for Tripping (Minor) at 16:06, Erik Johnson (CGY) for Holding (Minor) at 19:46

3rd period

6. Kings , Ryan Nugent-Hopkins 4 (Mikael Granlund, Kris Letang) at 0:29 (PP)
7. Flames , Erik Johnson 2 (Michael Grabner, Jack Johnson) at 14:12
8. Flames , Anze Kopitar 3 (Jeff Skinner) at 15:47 (PP)

Penalties :
Ladislav Smid (CGY) for Holding (Minor) at 1:50, Robyn Regehr (LOS) for Hooking (Minor) at 4:00, Dustin Brown (CGY) for Tripping (Minor) at 4:00, Robyn Regehr (LOS) for Hooking (Minor) at 15:37

Overtime #1

No Goal

Penalties :
No Penalty

Shootout

Penalty Shot by Anze Kopitar for Flames - Stopped by Karri Ramo
Penalty Shot by Ryan Nugent-Hopkins for Kings - Stopped by Jonathan Quick
Penalty Shot by Jeff Skinner for Flames - Goal!
Penalty Shot by Mikael Granlund for Kings - Goal!
Penalty Shot by Ryan Kesler for Flames - Stopped by Karri Ramo
Penalty Shot by Mikhail Grabovski for Kings - Shot Misses the Net
Penalty Shot by Mike Cammalleri for Flames - Stopped by Karri Ramo
Penalty Shot by Brian Gionta for Kings - Stopped by Jonathan Quick
Penalty Shot by Sam Gagner for Flames - Stopped by Karri Ramo
Penalty Shot by Mike Richards for Kings - Goal!

Penalties :
No Penalty

Goalie Stats

Jonathan Quick (CGY), 38 saves from 42 shots - (0.905), OTL, 2-2-1, 65:00 minutes
Karri Ramo (LOS), 29 saves from 33 shots - (0.879), W, 1-0-0, 65:00 minutes

Players Stats for Flames

Player Name              G  A  P  +/- PIM S  H  SB GA TA FO     MP     PP MP  PK MP  
------------------------------------------------------------------------------------
Andrew MacDonald         0  0  0  -2  0   2  1  4  0  0  0/0    27:22   2:18   6:15 
Anze Kopitar             1  0  1  -1  2   5  4  0  0  0  15/30  25:53   2:48   4:18 
Barret Jackman           0  0  0   0  0   0  0  0  0  0  0/0     0:00   0:00   0:00 
Brett Bulmer             0  0  0   0  0   0  0  0  0  0  0/0     0:00   0:00   0:00 
Bryce Salvador           1  0  1  -2  2   3  3  1  0  0  0/0    24:58   2:18   4:10 
Drew Shore               0  0  0   0  0   1  0  0  0  0  0/1    14:42   0:00   0:00 
Dustin Brown             0  1  1   0  6   2  1  0  0  0  6/16   14:21   0:00   0:31 
Erik Johnson             2  1  3   2  2   3  2  1  0  0  0/0    20:26   2:18   4:38 
Jack Johnson             0  2  2   2  0   1  2  0  0  0  0/0    26:38   3:08   5:51 
Jake Gardiner            0  0  0  -1  0   1  0  3  0  0  0/0    16:36   0:00   0:00 
Jeff Skinner             0  1  1  -1  0   2  2  0  0  0  4/10   19:50   2:48   5:22 
Ladislav Smid            0  0  0  -1  2   0  2  2  0  0  0/0    13:57   0:50   0:22 
Linden Vey               0  0  0   0  0   0  0  0  0  0  0/0     0:00   0:00   0:00 
Michael Grabner          0  1  1   0  0   3  2  0  0  0  0/2    13:24   0:00   0:00 
Mike Cammalleri          0  0  0  -1  0   1  0  0  0  0  1/1    26:52   2:48   5:16 
Ryan Kesler              0  0  0   0  0   4  2  1  0  0  26/44  26:20   2:38   5:16 
Sam Gagner               0  0  0   0  0   4  0  0  0  0  0/1    18:53   2:38   0:00 
Tomas Kopecky            0  0  0   0  0   1  0  1  0  0  0/1    17:04   2:38   0:33 

Players Stats for Kings

Player Name              G  A  P  +/- PIM S  H  SB GA TA FO     MP     PP MP  PK MP  
------------------------------------------------------------------------------------
Brian Gionta             0  0  0   0  0   1  0  0  0  0  0/1    16:45   0:00   2:59 
Deryk Engelland          0  0  0  -2  2   0  5  1  0  0  0/0    12:18   0:00   1:51 
Dustin Penner            0  0  0   0  0   5  3  0  0  0  1/2    13:37   5:21   0:00 
J.T. Brown               0  0  0   1  0   1  0  0  0  0  0/0     2:58   0:02   0:00 
Jamie McBain             0  0  0  -2  0   1  0  1  0  0  0/0    14:29   2:06   0:32 
Kris Letang              1  1  2   2  0   5  1  2  0  0  0/0    30:39   8:09   3:00 
Michal Handzus           0  1  1   1  0   0  0  0  0  0  5/9     6:47   0:18   3:33 
Mikael Granlund          0  2  2   0  0   6  1  0  0  0  10/21  24:24   6:41   0:00 
Mike Richards            0  0  0   0  0   2  1  0  0  0  2/4    22:14   5:15   0:00 
Mikhail Grabovski        0  0  0   0  0   0  0  0  0  0  8/17   12:22   0:00   1:40 
Nate Thompson            0  0  0   1  0   1  0  0  0  0  0/0     2:58   0:02   0:00 
Rene Bourque             0  1  1   0  0   2  3  0  0  0  2/2    19:56   5:21   0:13 
Robyn Regehr             0  0  0   1  8   1  3  0  0  0  0/0    18:06   0:00   0:35 
Ryan Nugent-Hopkins      1  1  2   0  0   4  1  0  0  0  19/39  27:51   5:15   1:40 
Ryan Smyth               0  0  0   0  0   2  0  0  0  0  6/8    12:30   2:51   0:47 
Sean Monahan             1  0  1   0  0   2  1  0  0  0  1/3    25:07   5:42   0:00 
Tobias Enstrom           1  0  1   1  0   3  1  0  0  0  0/0    23:08   0:41   2:28 
Tyler Myers              0  1  1   2  0   6  3  2  0  0  0/0    26:21   5:26   2:26 

3 Stars

1 - Erik Johnson (CGY)
2 - Kris Letang (LOS)
3 - Jack Johnson (CGY)

Power Play

Flames - 2 on 4 Attempt(s) - 50.00%
Kings - 1 on 6 Attempt(s) - 16.67%

Penalty Kill

Flames - 5 on 6 Attempt(s) - 83.33% - Score 0 goal in Penalty Kill
Kings - 2 on 4 Attempt(s) - 50.00% - Score 0 goal in Penalty Kill

Official

Referees : Dennis LaRue and Wes McCauley
Linesman : Brian Murphy and Andy McElman

Game Notes

No Game Note

% Time on Ice - Flames

Lines # - Real PCT - Wanted PCT - Time Play
Normal Forward
1 - 28% - 30% - 11:40
2 - 32% - 30% - 13:24
3 - 33% - 27% - 13:53
4 - 7% - 13% - 3:00
Normal Defense
1 - 25% - 30% - 10:27
2 - 32% - 30% - 13:31
3 - 30% - 20% - 12:28
4 - 13% - 20% - 5:31
PP Forward
1 - 52% - 50% - 2:48
2 - 48% - 50% - 2:38
PP Defense
1 - 58% - 50% - 3:08
2 - 42% - 50% - 2:18
PK Forward
1 - 50% - 50% - 5:22
2 - 50% - 50% - 5:16
PK Defense
1 - 50% - 50% - 5:21
2 - 50% - 50% - 5:17
PK3 Forward
1 - 0% - 60%
2 - 0% - 40%
PK3 Defense
1 - 0% - 50%
2 - 0% - 50%
44 Forward
1 - 59% - 50% - 4:08
2 - 41% - 50% - 2:51
44 Defense
1 - 41% - 50% - 2:51
2 - 59% - 50% - 4:08
Last Minute Offensive  - 0:00
Last Minute Defensive  - 0:00
Total
Forward - 65:00
Defense - 65:00

% Time on Ice - Kings

Lines # - Real PCT - Wanted PCT - Time Play
Normal Forward
1 - 40% - 40% - 16:59
2 - 33% - 30% - 13:46
3 - 20% - 20% - 8:16
4 - 7% - 10% - 2:56
Normal Defense
1 - 36% - 40% - 15:13
2 - 37% - 30% - 15:42
3 - 25% - 20% - 10:28
4 - 1% - 10% - 0:34
PP Forward
1 - 49% - 60% - 5:15
2 - 51% - 40% - 5:23
PP Defense
1 - 49% - 60% - 5:12
2 - 51% - 40% - 5:26
PK Forward
1 - 69% - 60% - 3:46
2 - 31% - 40% - 1:40
PK Defense
1 - 55% - 60% - 3:00
2 - 45% - 40% - 2:26
PK3 Forward
1 - 0% - 60%
2 - 0% - 40%
PK3 Defense
1 - 0% - 60%
2 - 0% - 40%
44 Forward
1 - 65% - 60% - 4:33
2 - 35% - 40% - 2:26
44 Defense
1 - 53% - 60% - 3:43
2 - 47% - 40% - 3:16
Last Minute Offensive  - 0:00
Last Minute Defensive  - 0:00
Total
Forward - 65:00
Defense - 65:00

Play by Play

1st period


0:01 of 1st period - Ryan Nugent-Hopkins wins face-off versus Anze Kopitar in neutral zone.
0:01 of 1st period - Ryan Nugent-Hopkins is hit by Anze Kopitar.
0:06 of 1st period - Minor Penalty to Bryce Salvador for Interference.
0:07 of 1st period - Jeff Skinner wins face-off versus Mike Richards in Flames zone.
0:12 of 1st period - Shot by Mikael Granlund.
0:12 of 1st period - Stopped by Jonathan Quick without a rebound.
0:13 of 1st period - Ryan Kesler wins face-off versus Mikael Granlund in Flames zone.
0:13 of 1st period - Ryan Kesler is hit by Dustin Penner.
0:46 of 1st period - Shot by Mikael Granlund.
0:46 of 1st period - Shot Misses the Net.
0:48 of 1st period - Shot by Rene Bourque.
0:48 of 1st period - Shot Misses the Net.
0:50 of 1st period - Shot by Kris Letang.
0:50 of 1st period - Shot Misses the Net.
0:52 of 1st period - Shot by Tyler Myers.
0:52 of 1st period - Stopped by Jonathan Quick without a rebound.
0:53 of 1st period - Ryan Kesler wins face-off versus Ryan Nugent-Hopkins in Flames zone.
1:02 of 1st period - Shot by Mikael Granlund.
1:02 of 1st period - Stopped by Jonathan Quick without a rebound.
1:03 of 1st period - Ryan Kesler wins face-off versus Ryan Nugent-Hopkins in Flames zone.
1:29 of 1st period - Shot by Mikael Granlund.
1:29 of 1st period - Deflect By Sean Monahan.
1:29 of 1st period - Stopped by Jonathan Quick without a rebound.
1:30 of 1st period - Ryan Nugent-Hopkins wins face-off versus Ryan Kesler in Flames zone.
2:06 of 1st period - Minor Penalty to Dustin Brown for Roughing.
2:07 of 1st period - Ryan Smyth wins face-off versus Jeff Skinner in Flames zone.
3:32 of 1st period - Shot by Tobias Enstrom.
3:32 of 1st period - Shot Misses the Net.
3:34 of 1st period - Shot by Tobias Enstrom.
3:34 of 1st period - Shot Misses the Net.
3:42 of 1st period - Shot by Dustin Penner.
3:42 of 1st period - Stopped by Jonathan Quick without a rebound.
3:43 of 1st period - Ryan Kesler wins face-off versus Mike Richards in Flames zone.
3:56 of 1st period - Shot by Tyler Myers.
3:56 of 1st period - Shot Misses the Net.
4:40 of 1st period - Minor Penalty to Robyn Regehr for Tripping.
4:41 of 1st period - Michal Handzus wins face-off versus Ryan Kesler in Kings zone.
4:41 of 1st period - Brian Gionta is hit by Ryan Kesler and loses puck.
4:54 of 1st period - Shot by Bryce Salvador.
4:54 of 1st period - Stopped by Karri Ramo without a rebound.
4:55 of 1st period - Michal Handzus wins face-off versus Anze Kopitar in Kings zone.
5:33 of 1st period - Shot by Andrew MacDonald.
5:33 of 1st period - Shot Misses the Net.
5:35 of 1st period - Shot by Andrew MacDonald.
5:35 of 1st period - Stopped by Karri Ramo without a rebound.
5:36 of 1st period - Ryan Kesler wins face-off versus Michal Handzus in Kings zone.
5:58 of 1st period - Shot by Bryce Salvador.
5:58 of 1st period - Goal by Bryce Salvador - Flames : 1 - Kings : 0.
5:59 of 1st period - Ryan Nugent-Hopkins wins face-off versus Dustin Brown in neutral zone.
6:10 of 1st period - Shot by Ryan Nugent-Hopkins.
6:10 of 1st period - Shot Blocked by Jake Gardiner.
6:45 of 1st period - Icing by Kris Letang.
6:46 of 1st period - Ryan Nugent-Hopkins wins face-off versus Ryan Kesler in Kings zone.
6:59 of 1st period - Tyler Myers is hit by Michael Grabner and loses puck.
7:04 of 1st period - Shot by Sam Gagner.
7:04 of 1st period - Shot Misses the Net.
7:18 of 1st period - Shot by Michael Grabner.
7:18 of 1st period - Shot Misses the Net.
8:03 of 1st period - Shot by Tobias Enstrom.
8:03 of 1st period - Goal by Tobias Enstrom - Flames : 1 - Kings : 1.
8:04 of 1st period - Dustin Brown wins face-off versus Mikael Granlund in neutral zone.
8:15 of 1st period - Shot by Drew Shore.
8:15 of 1st period - Stopped by Karri Ramo without a rebound.
8:16 of 1st period - Anze Kopitar wins face-off versus Mikhail Grabovski in Kings zone.
8:16 of 1st period - Mike Cammalleri is hit by Robyn Regehr and loses puck.
8:27 of 1st period - Shot by Mike Cammalleri.
8:27 of 1st period - Stopped by Karri Ramo with a rebound.
8:35 of 1st period - Shot by Anze Kopitar.
8:35 of 1st period - Stopped by Karri Ramo without a rebound.
8:36 of 1st period - Mikael Granlund wins face-off versus Ryan Kesler in Kings zone.
8:41 of 1st period - Shot by Mikael Granlund.
8:41 of 1st period - Stopped by Jonathan Quick without a rebound.
8:42 of 1st period - Anze Kopitar wins face-off versus Mikael Granlund in Flames zone.
9:23 of 1st period - Icing by Bryce Salvador.
9:24 of 1st period - Anze Kopitar wins face-off versus Mikhail Grabovski in Flames zone.
9:39 of 1st period - Shot by Ryan Smyth.
9:39 of 1st period - Shot Blocked by Andrew MacDonald.
9:41 of 1st period - Shot by Jamie McBain.
9:41 of 1st period - Stopped by Jonathan Quick with a rebound.
9:43 of 1st period - Shot by Ryan Smyth.
9:43 of 1st period - Stopped by Jonathan Quick without a rebound.
9:44 of 1st period - Ryan Kesler wins face-off versus Ryan Nugent-Hopkins in Flames zone.
9:51 of 1st period - Shot by Sam Gagner.
9:51 of 1st period - Stopped by Karri Ramo without a rebound.
9:52 of 1st period - Ryan Nugent-Hopkins wins face-off versus Sam Gagner in Kings zone.
9:52 of 1st period - Ryan Nugent-Hopkins is hit by Ryan Kesler.
10:05 of 1st period - Shot by Michael Grabner.
10:05 of 1st period - Stopped by Karri Ramo without a rebound.
10:06 of 1st period - Mikael Granlund wins face-off versus Dustin Brown in Kings zone.
10:15 of 1st period - Shot by Mikael Granlund.
10:15 of 1st period - Shot Blocked by Jake Gardiner.
10:55 of 1st period - Icing by Tyler Myers.
10:56 of 1st period - Mikael Granlund wins face-off versus Ryan Kesler in Kings zone.
12:02 of 1st period - Shot by Mike Cammalleri.
12:02 of 1st period - Deflect By Jeff Skinner.
12:02 of 1st period - Shot Misses the Net.
12:25 of 1st period - Icing by Jack Johnson.
12:26 of 1st period - Mikhail Grabovski wins face-off versus Anze Kopitar in Flames zone.
12:30 of 1st period - Icing by Jack Johnson.
12:31 of 1st period - Mikhail Grabovski wins face-off versus Anze Kopitar in Flames zone.
13:08 of 1st period - Shot by Ryan Kesler.
13:08 of 1st period - Stopped by Karri Ramo without a rebound.
13:09 of 1st period - Dustin Brown wins face-off versus Ryan Nugent-Hopkins in Kings zone.
13:13 of 1st period - Icing by Mike Richards.
13:14 of 1st period - Ryan Kesler wins face-off versus Ryan Nugent-Hopkins in Kings zone.
13:14 of 1st period - Andrew MacDonald is hit by Robyn Regehr and loses puck.
13:31 of 1st period - Shot by Tobias Enstrom.
13:31 of 1st period - Stopped by Jonathan Quick without a rebound.
13:32 of 1st period - Mikhail Grabovski wins face-off versus Dustin Brown in Flames zone.
13:35 of 1st period - Shot by Tyler Myers.
13:35 of 1st period - Stopped by Jonathan Quick without a rebound.
13:36 of 1st period - Ryan Nugent-Hopkins wins face-off versus Anze Kopitar in Flames zone.
13:39 of 1st period - Shot by Ryan Nugent-Hopkins.
13:39 of 1st period - Stopped by Jonathan Quick without a rebound.
13:40 of 1st period - Mike Richards wins face-off versus Anze Kopitar in Flames zone.
13:57 of 1st period - Shot by Ryan Nugent-Hopkins.
13:57 of 1st period - Shot Misses the Net.
13:59 of 1st period - Shot by Mike Richards.
13:59 of 1st period - Stopped by Jonathan Quick without a rebound.
14:00 of 1st period - Mikhail Grabovski wins face-off versus Dustin Brown in Flames zone.
14:08 of 1st period - Icing by Erik Johnson.
14:09 of 1st period - Ryan Nugent-Hopkins wins face-off versus Dustin Brown in Flames zone.
14:09 of 1st period - Ryan Nugent-Hopkins is hit by Jack Johnson.
14:17 of 1st period - Shot by Ryan Nugent-Hopkins.
14:17 of 1st period - Shot Misses the Net.
14:40 of 1st period - Shot by Ryan Nugent-Hopkins.
14:40 of 1st period - Shot Misses the Net.
14:42 of 1st period - Shot by Kris Letang.
14:42 of 1st period - Stopped by Jonathan Quick without a rebound.
14:43 of 1st period - Ryan Kesler wins face-off versus Mikael Granlund in Flames zone.
14:56 of 1st period - Shot by Sam Gagner.
14:56 of 1st period - Stopped by Karri Ramo without a rebound.
14:57 of 1st period - Anze Kopitar wins face-off versus Dustin Penner in Kings zone.
15:36 of 1st period - Icing by Jeff Skinner.
15:37 of 1st period - Ryan Nugent-Hopkins wins face-off versus Anze Kopitar in Flames zone.
16:12 of 1st period - Shot by Ryan Nugent-Hopkins.
16:12 of 1st period - Stopped by Jonathan Quick without a rebound.
16:13 of 1st period - Dustin Brown wins face-off versus Mikael Granlund in Flames zone.
16:26 of 1st period - Erik Johnson is hit by Deryk Engelland and loses puck.
16:29 of 1st period - Shot by Dustin Brown.
16:29 of 1st period - Shot Misses the Net.
16:41 of 1st period - Shot by Dustin Brown.
16:41 of 1st period - Shot Blocked by Deryk Engelland.
16:43 of 1st period - Shot by Erik Johnson.
16:43 of 1st period - Goal by Erik Johnson - Flames : 2 - Kings : 1.
16:44 of 1st period - Michal Handzus wins face-off versus Ryan Kesler in neutral zone.
16:49 of 1st period - Shot by Kris Letang.
16:49 of 1st period - Goal by Kris Letang - Flames : 2 - Kings : 2.
16:50 of 1st period - Anze Kopitar wins face-off versus Ryan Nugent-Hopkins in neutral zone.
16:55 of 1st period - Shot by Anze Kopitar.
16:55 of 1st period - Shot Blocked by Tyler Myers.
16:57 of 1st period - Shot by Andrew MacDonald.
16:57 of 1st period - Shot Misses the Net.
16:59 of 1st period - Shot by Andrew MacDonald.
16:59 of 1st period - Stopped by Karri Ramo without a rebound.
17:00 of 1st period - Mikael Granlund wins face-off versus Ryan Kesler in Kings zone.
17:04 of 1st period - Icing by Mikael Granlund.
17:05 of 1st period - Ryan Kesler wins face-off versus Mikael Granlund in Kings zone.
17:28 of 1st period - Shot by Mikael Granlund.
17:28 of 1st period - Deflect By Brian Gionta.
17:28 of 1st period - Shot Misses the Net.
17:44 of 1st period - Bryce Salvador is hit by Rene Bourque and loses puck.
17:49 of 1st period - Shot by Mikael Granlund.
17:49 of 1st period - Stopped by Jonathan Quick with a rebound.
18:15 of 1st period - Icing by Bryce Salvador.
18:16 of 1st period - Ryan Kesler wins face-off versus Mikhail Grabovski in Flames zone.
18:20 of 1st period - Minor Penalty to Deryk Engelland for Holding.
18:21 of 1st period - Michal Handzus wins face-off versus Anze Kopitar in Kings zone.
19:20 of 1st period - Shot by Tomas Kopecky.
19:20 of 1st period - Stopped by Karri Ramo with a rebound.
19:22 of 1st period - Shot by Sam Gagner.
19:22 of 1st period - Shot Misses the Net.
19:24 of 1st period - Shot by Erik Johnson.
19:24 of 1st period - Stopped by Karri Ramo without a rebound.
19:25 of 1st period - Ryan Kesler wins face-off versus Mikhail Grabovski in Kings zone.
Goals for this period are 2 for Flames vs 2 for Kings.
Shots for this period are 14 for Flames vs 17 for Kings.

2nd period


0:01 of 2nd period - Ryan Kesler wins face-off versus Michal Handzus in neutral zone.
0:36 of 2nd period - Shot by Jeff Skinner.
0:36 of 2nd period - Stopped by Karri Ramo without a rebound.
0:37 of 2nd period - Ryan Kesler wins face-off versus Mikhail Grabovski in Kings zone.
0:37 of 2nd period - Jack Johnson is hit by Tyler Myers and loses puck.
0:44 of 2nd period - Shot by Michael Grabner.
0:44 of 2nd period - Shot Misses the Net.
1:03 of 2nd period - Sam Gagner is hit by Tyler Myers and loses puck.
1:06 of 2nd period - Shot by Ryan Kesler.
1:06 of 2nd period - Shot Blocked by Kris Letang.
1:08 of 2nd period - Shot by Sam Gagner.
1:08 of 2nd period - Stopped by Karri Ramo without a rebound.
1:09 of 2nd period - Ryan Nugent-Hopkins wins face-off versus Tomas Kopecky in Kings zone.
1:09 of 2nd period - Ryan Nugent-Hopkins is hit by Dustin Brown.
2:04 of 2nd period - Tomas Kopecky is hit by Tyler Myers and loses puck.
3:15 of 2nd period - Shot by Mikhail Grabovski.
3:15 of 2nd period - Deflect By Dustin Penner.
3:15 of 2nd period - Shot Misses the Net.
3:17 of 2nd period - Shot by Deryk Engelland.
3:17 of 2nd period - Shot Misses the Net.
3:24 of 2nd period - Shot by Dustin Penner.
3:24 of 2nd period - Stopped by Jonathan Quick without a rebound.
3:25 of 2nd period - Ryan Kesler wins face-off versus Michal Handzus in Flames zone.
3:31 of 2nd period - Off-side.
3:32 of 2nd period - Anze Kopitar wins face-off versus Ryan Nugent-Hopkins in neutral zone.
3:35 of 2nd period - Shot by Jeff Skinner.
3:35 of 2nd period - Deflect By Anze Kopitar.
3:35 of 2nd period - Stopped by Karri Ramo without a rebound.
3:36 of 2nd period - Ryan Nugent-Hopkins wins face-off versus Michael Grabner in Kings zone.
3:38 of 2nd period - Sean Monahan is hit by Michael Grabner and loses puck.
3:45 of 2nd period - Shot by Ryan Kesler.
3:45 of 2nd period - Stopped by Karri Ramo without a rebound.
3:46 of 2nd period - Ryan Nugent-Hopkins wins face-off versus Jeff Skinner in Kings zone.
4:27 of 2nd period - Shot by Anze Kopitar.
4:27 of 2nd period - Stopped by Karri Ramo with a rebound.
4:29 of 2nd period - Shot by Jeff Skinner.
4:29 of 2nd period - Shot Misses the Net.
4:31 of 2nd period - Shot by Anze Kopitar.
4:31 of 2nd period - Shot Misses the Net.
4:55 of 2nd period - Shot by Dustin Brown.
4:55 of 2nd period - Stopped by Karri Ramo without a rebound.
4:56 of 2nd period - Mikael Granlund wins face-off versus Ryan Kesler in Kings zone.
5:01 of 2nd period - Shot by Rene Bourque.
5:01 of 2nd period - Shot Misses the Net.
5:25 of 2nd period - Shot by Michael Grabner.
5:25 of 2nd period - Deflect By Sam Gagner.
5:25 of 2nd period - Shot Misses the Net.
5:27 of 2nd period - Shot by Jake Gardiner.
5:27 of 2nd period - Deflect By Michael Grabner.
5:27 of 2nd period - Shot Misses the Net.
5:29 of 2nd period - Shot by Jake Gardiner.
5:29 of 2nd period - Stopped by Karri Ramo with a rebound.
5:31 of 2nd period - Shot by Jake Gardiner.
5:31 of 2nd period - Shot Misses the Net.
5:41 of 2nd period - Shot by Sam Gagner.
5:41 of 2nd period - Shot Misses the Net.
6:06 of 2nd period - Drew Shore is hit by Robyn Regehr and loses puck.
6:20 of 2nd period - Minor Penalty to Robyn Regehr for High sticking.
6:21 of 2nd period - Mikhail Grabovski wins face-off versus Anze Kopitar in Kings zone.
7:00 of 2nd period - Shot by Mike Cammalleri.
7:00 of 2nd period - Deflect By Jeff Skinner.
7:00 of 2nd period - Stopped by Karri Ramo without a rebound.
7:01 of 2nd period - Ryan Kesler wins face-off versus Mikhail Grabovski in Kings zone.
7:20 of 2nd period - Shot by Andrew MacDonald.
7:20 of 2nd period - Shot Blocked by Tyler Myers.
8:55 of 2nd period - Shot by Dustin Brown.
8:55 of 2nd period - Stopped by Karri Ramo with a rebound.
9:51 of 2nd period - Shot by Ryan Kesler.
9:51 of 2nd period - Shot Misses the Net.
9:53 of 2nd period - Shot by Ryan Kesler.
9:53 of 2nd period - Stopped by Karri Ramo with a rebound.
9:55 of 2nd period - Shot by Ryan Kesler.
9:55 of 2nd period - Deflect By Michael Grabner.
9:55 of 2nd period - Shot Misses the Net.
10:16 of 2nd period - Sam Gagner is hit by Tobias Enstrom and loses puck.
10:26 of 2nd period - Minor Penalty to Dustin Brown for High sticking.
10:27 of 2nd period - Ryan Smyth wins face-off versus Jeff Skinner in Flames zone.
10:32 of 2nd period - Shot by Kris Letang.
10:32 of 2nd period - Stopped by Jonathan Quick without a rebound.
10:33 of 2nd period - Jeff Skinner wins face-off versus Ryan Smyth in Flames zone.
10:33 of 2nd period - Jeff Skinner is hit by Dustin Penner.
11:02 of 2nd period - Shot by Ryan Smyth.
11:02 of 2nd period - Shot Blocked by Erik Johnson.
11:12 of 2nd period - Shot by Mikael Granlund.
11:12 of 2nd period - Shot Misses the Net.
11:14 of 2nd period - Shot by Mikael Granlund.
11:14 of 2nd period - Deflect By Dustin Penner.
11:14 of 2nd period - Stopped by Jonathan Quick with a rebound.
11:16 of 2nd period - Shot by Kris Letang.
11:16 of 2nd period - Stopped by Jonathan Quick without a rebound.
11:17 of 2nd period - Mike Cammalleri wins face-off versus Mikael Granlund in Flames zone.
11:39 of 2nd period - Shot by Tyler Myers.
11:39 of 2nd period - Shot Misses the Net.
11:41 of 2nd period - Shot by Tyler Myers.
11:41 of 2nd period - Stopped by Jonathan Quick without a rebound.
11:42 of 2nd period - Ryan Smyth wins face-off versus Jeff Skinner in Flames zone.
11:43 of 2nd period - Shot by Tyler Myers.
11:43 of 2nd period - Stopped by Jonathan Quick without a rebound.
11:44 of 2nd period - Mikael Granlund wins face-off versus Jeff Skinner in Flames zone.
11:58 of 2nd period - Icing by Mikael Granlund.
11:59 of 2nd period - Mikael Granlund wins face-off versus Jeff Skinner in Kings zone.
11:59 of 2nd period - Mikael Granlund is hit by Anze Kopitar.
12:07 of 2nd period - Shot by Tyler Myers.
12:07 of 2nd period - Shot Misses the Net.
13:06 of 2nd period - Off-side.
13:07 of 2nd period - Mike Richards wins face-off versus Anze Kopitar in neutral zone.
13:12 of 2nd period - Shot by Sean Monahan.
13:12 of 2nd period - Shot Blocked by Andrew MacDonald.
13:27 of 2nd period - Icing by Bryce Salvador.
13:28 of 2nd period - Anze Kopitar wins face-off versus Mikhail Grabovski in Flames zone.
13:59 of 2nd period - Shot by Andrew MacDonald.
13:59 of 2nd period - Shot Misses the Net.
14:01 of 2nd period - Shot by Bryce Salvador.
14:01 of 2nd period - Stopped by Karri Ramo without a rebound.
14:02 of 2nd period - Ryan Nugent-Hopkins wins face-off versus Ryan Kesler in Kings zone.
14:06 of 2nd period - Mike Richards is hit by Erik Johnson.
14:34 of 2nd period - Off-side.
14:35 of 2nd period - Mikael Granlund wins face-off versus Dustin Brown in neutral zone.
15:02 of 2nd period - Shot by Rene Bourque.
15:02 of 2nd period - Deflect By Brian Gionta.
15:02 of 2nd period - Stopped by Jonathan Quick with a rebound.
15:04 of 2nd period - Shot by Rene Bourque.
15:04 of 2nd period - Stopped by Jonathan Quick with a rebound.
15:06 of 2nd period - Shot by Rene Bourque.
15:06 of 2nd period - Shot Blocked by Tomas Kopecky.
15:14 of 2nd period - Shot by Mikael Granlund.
15:14 of 2nd period - Shot Blocked by Ladislav Smid.
15:16 of 2nd period - Shot by Rene Bourque.
15:16 of 2nd period - Shot Misses the Net.
15:18 of 2nd period - Shot by Robyn Regehr.
15:18 of 2nd period - Stopped by Jonathan Quick with a rebound.
15:20 of 2nd period - Shot by Tobias Enstrom.
15:20 of 2nd period - Stopped by Jonathan Quick with a rebound.
15:49 of 2nd period - Shot by Sean Monahan.
15:49 of 2nd period - Goal by Sean Monahan - Flames : 2 - Kings : 3.
15:50 of 2nd period - Mikhail Grabovski wins face-off versus Anze Kopitar in neutral zone.
15:50 of 2nd period - Mikhail Grabovski is hit by Anze Kopitar.
16:06 of 2nd period - Minor Penalty to Anze Kopitar for Tripping.
16:07 of 2nd period - Ryan Nugent-Hopkins wins face-off versus Ryan Kesler in Flames zone.
16:18 of 2nd period - Shot by Mikael Granlund.
16:18 of 2nd period - Stopped by Jonathan Quick without a rebound.
16:19 of 2nd period - Jeff Skinner wins face-off versus Ryan Nugent-Hopkins in Flames zone.
16:34 of 2nd period - Shot by Tyler Myers.
16:34 of 2nd period - Shot Misses the Net.
17:10 of 2nd period - Shot by Jeff Skinner.
17:10 of 2nd period - Shot Blocked by Kris Letang.
17:25 of 2nd period - Off-side.
17:26 of 2nd period - Ryan Smyth wins face-off versus Ryan Kesler in neutral zone.
17:35 of 2nd period - Shot by Ryan Smyth.
17:35 of 2nd period - Stopped by Jonathan Quick without a rebound.
17:36 of 2nd period - Ryan Smyth wins face-off versus Ryan Kesler in Flames zone.
17:39 of 2nd period - Shot by Kris Letang.
17:39 of 2nd period - Shot Misses the Net.
17:41 of 2nd period - Shot by Rene Bourque.
17:41 of 2nd period - Stopped by Jonathan Quick without a rebound.
17:42 of 2nd period - Ryan Smyth wins face-off versus Ryan Kesler in Flames zone.
17:42 of 2nd period - Ryan Smyth is hit by Bryce Salvador.
17:46 of 2nd period - Shot by Kris Letang.
17:46 of 2nd period - Stopped by Jonathan Quick without a rebound.
17:47 of 2nd period - Dustin Penner wins face-off versus Ryan Kesler in Flames zone.
18:24 of 2nd period - Shot by Jamie McBain.
18:24 of 2nd period - Deflect By Nate Thompson.
18:24 of 2nd period - Stopped by Jonathan Quick with a rebound.
18:26 of 2nd period - Shot by Jamie McBain.
18:26 of 2nd period - Shot Blocked by Ryan Kesler.
18:30 of 2nd period - Shot by J.T. Brown.
18:30 of 2nd period - Stopped by Jonathan Quick without a rebound.
18:31 of 2nd period - Anze Kopitar wins face-off versus Mikael Granlund in Flames zone.
19:03 of 2nd period - Off-side.
19:04 of 2nd period - Ryan Kesler wins face-off versus Ryan Nugent-Hopkins in neutral zone.
19:23 of 2nd period - Shot by Michael Grabner.
19:23 of 2nd period - Stopped by Karri Ramo without a rebound.
19:24 of 2nd period - Dustin Brown wins face-off versus Mikhail Grabovski in Kings zone.
19:46 of 2nd period - Minor Penalty to Erik Johnson for Holding.
19:47 of 2nd period - Ryan Kesler wins face-off versus Sean Monahan in Flames zone.
Goals for this period are 0 for Flames vs 1 for Kings.
Shots for this period are 12 for Flames vs 17 for Kings.

3rd period


0:01 of 3rd period - Ryan Kesler wins face-off versus Ryan Nugent-Hopkins in neutral zone.
0:22 of 3rd period - Kris Letang is hit by Jeff Skinner and loses puck.
0:26 of 3rd period - Mikael Granlund is hit by Jack Johnson and loses puck.
0:29 of 3rd period - Shot by Ryan Nugent-Hopkins.
0:29 of 3rd period - Goal by Ryan Nugent-Hopkins - Flames : 2 - Kings : 4.
0:30 of 3rd period - Mikhail Grabovski wins face-off versus Ryan Kesler in neutral zone.
1:03 of 3rd period - Shot by Dustin Penner.
1:03 of 3rd period - Stopped by Jonathan Quick without a rebound.
1:04 of 3rd period - Ryan Nugent-Hopkins wins face-off versus Anze Kopitar in Flames zone.
1:20 of 3rd period - Shot by Ryan Nugent-Hopkins.
1:20 of 3rd period - Stopped by Jonathan Quick without a rebound.
1:21 of 3rd period - Mikael Granlund wins face-off versus Dustin Brown in Flames zone.
1:43 of 3rd period - Brian Gionta is hit by Ladislav Smid.
1:50 of 3rd period - Minor Penalty to Ladislav Smid for Holding.
1:51 of 3rd period - Ryan Kesler wins face-off versus Ryan Nugent-Hopkins in Flames zone.
1:51 of 3rd period - Ryan Kesler is hit by Ryan Nugent-Hopkins.
2:05 of 3rd period - Shot by Tyler Myers.
2:05 of 3rd period - Stopped by Jonathan Quick without a rebound.
2:06 of 3rd period - Sean Monahan wins face-off versus Ryan Kesler in Flames zone.
2:39 of 3rd period - Icing by Kris Letang.
2:40 of 3rd period - Jeff Skinner wins face-off versus Sean Monahan in Kings zone.
3:13 of 3rd period - Jack Johnson is hit by Mike Richards.
3:46 of 3rd period - Ryan Smyth is hit by Bryce Salvador and loses puck.
4:00 of 3rd period - Minor Penalty to Robyn Regehr for Hooking.
4:00 of 3rd period - Minor Penalty to Dustin Brown for Tripping.
4:01 of 3rd period - Ryan Kesler wins face-off versus Ryan Nugent-Hopkins in Kings zone.
4:06 of 3rd period - Shot by Ryan Kesler.
4:06 of 3rd period - Stopped by Karri Ramo without a rebound.
4:07 of 3rd period - Anze Kopitar wins face-off versus Ryan Nugent-Hopkins in Kings zone.
4:52 of 3rd period - Icing by Jake Gardiner.
4:53 of 3rd period - Anze Kopitar wins face-off versus Mikhail Grabovski in Flames zone.
5:57 of 3rd period - Icing by Mikael Granlund.
5:58 of 3rd period - Ryan Nugent-Hopkins wins face-off versus Ryan Kesler in Kings zone.
6:19 of 3rd period - Icing by Bryce Salvador.
6:20 of 3rd period - Rene Bourque wins face-off versus Dustin Brown in Flames zone.
6:20 of 3rd period - Mikael Granlund is hit by Andrew MacDonald and loses puck.
6:44 of 3rd period - Shot by Mikael Granlund.
6:44 of 3rd period - Shot Blocked by Bryce Salvador.
7:10 of 3rd period - Shot by Sam Gagner.
7:10 of 3rd period - Stopped by Karri Ramo without a rebound.
7:11 of 3rd period - Ryan Kesler wins face-off versus Ryan Nugent-Hopkins in Kings zone.
7:15 of 3rd period - Michael Grabner is hit by Deryk Engelland.
8:02 of 3rd period - Ryan Nugent-Hopkins is hit by Erik Johnson.
9:06 of 3rd period - Shot by Tyler Myers.
9:06 of 3rd period - Stopped by Jonathan Quick without a rebound.
9:07 of 3rd period - Ryan Kesler wins face-off versus Michal Handzus in Flames zone.
9:11 of 3rd period - Icing by Jake Gardiner.
9:12 of 3rd period - Ryan Kesler wins face-off versus Mikael Granlund in Flames zone.
9:12 of 3rd period - Ryan Kesler is hit by Rene Bourque.
9:42 of 3rd period - Shot by Sam Gagner.
9:42 of 3rd period - Shot Misses the Net.
10:05 of 3rd period - Icing by Sam Gagner.
10:06 of 3rd period - Ryan Kesler wins face-off versus Ryan Nugent-Hopkins in Flames zone.
10:06 of 3rd period - Ryan Kesler is hit by Sean Monahan.
10:28 of 3rd period - Shot by Mike Cammalleri.
10:28 of 3rd period - Shot Blocked by Jamie McBain.
11:00 of 3rd period - Icing by Jamie McBain.
11:01 of 3rd period - Ryan Nugent-Hopkins wins face-off versus Dustin Brown in Kings zone.
12:22 of 3rd period - Icing by Ryan Smyth.
12:23 of 3rd period - Anze Kopitar wins face-off versus Ryan Smyth in Kings zone.
13:09 of 3rd period - Ladislav Smid is hit by Dustin Penner and loses puck.
13:21 of 3rd period - Jake Gardiner is hit by Deryk Engelland and loses puck.
13:25 of 3rd period - Jake Gardiner is hit by Deryk Engelland and loses puck.
13:49 of 3rd period - Sam Gagner is hit by Deryk Engelland and loses puck.
14:10 of 3rd period - Shot by Michael Grabner.
14:10 of 3rd period - Shot Misses the Net.
14:12 of 3rd period - Shot by Erik Johnson.
14:12 of 3rd period - Goal by Erik Johnson - Flames : 3 - Kings : 4.
14:13 of 3rd period - Dustin Brown wins face-off versus Mikael Granlund in neutral zone.
14:17 of 3rd period - Off-side.
14:18 of 3rd period - Dustin Brown wins face-off versus Mikael Granlund in neutral zone.
14:20 of 3rd period - Andrew MacDonald is hit by Kris Letang and loses puck.
15:06 of 3rd period - Andrew MacDonald is hit by Rene Bourque and loses puck.
15:37 of 3rd period - Minor Penalty to Robyn Regehr for Hooking.
15:38 of 3rd period - Anze Kopitar wins face-off versus Brian Gionta in Kings zone.
15:45 of 3rd period - Shot by Jeff Skinner.
15:45 of 3rd period - Deflect By Anze Kopitar.
15:45 of 3rd period - Shot Misses the Net.
15:47 of 3rd period - Shot by Anze Kopitar.
15:47 of 3rd period - Goal by Anze Kopitar - Flames : 4 - Kings : 4.
15:48 of 3rd period - Ryan Kesler wins face-off versus Ryan Nugent-Hopkins in neutral zone.
15:57 of 3rd period - Shot by Ryan Nugent-Hopkins.
15:57 of 3rd period - Deflect By Mike Richards.
15:57 of 3rd period - Stopped by Jonathan Quick without a rebound.
15:58 of 3rd period - Anze Kopitar wins face-off versus Ryan Nugent-Hopkins in Flames zone.
16:03 of 3rd period - Shot by Ryan Kesler.
16:03 of 3rd period - Shot Hit the Post.
16:05 of 3rd period - Shot by Anze Kopitar.
16:05 of 3rd period - Shot Misses the Net.
16:07 of 3rd period - Shot by Jack Johnson.
16:07 of 3rd period - Stopped by Karri Ramo without a rebound.
16:08 of 3rd period - Anze Kopitar wins face-off versus Ryan Nugent-Hopkins in Kings zone.
16:20 of 3rd period - Off-side.
16:21 of 3rd period - Rene Bourque wins face-off versus Dustin Brown in neutral zone.
16:40 of 3rd period - Shot by Mikael Granlund.
16:40 of 3rd period - Deflect By Brian Gionta.
16:40 of 3rd period - Shot Blocked by Andrew MacDonald.
17:02 of 3rd period - Shot by Dustin Brown.
17:02 of 3rd period - Shot Misses the Net.
17:04 of 3rd period - Shot by Tomas Kopecky.
17:04 of 3rd period - Shot Misses the Net.
18:33 of 3rd period - Shot by Mikhail Grabovski.
18:33 of 3rd period - Shot Misses the Net.
18:35 of 3rd period - Shot by Dustin Penner.
18:35 of 3rd period - Shot Blocked by Jake Gardiner.
18:37 of 3rd period - Shot by Ryan Smyth.
18:37 of 3rd period - Shot Blocked by Ladislav Smid.
18:39 of 3rd period - Shot by Dustin Penner.
18:39 of 3rd period - Stopped by Jonathan Quick without a rebound.
18:40 of 3rd period - Michal Handzus wins face-off versus Drew Shore in Flames zone.
19:05 of 3rd period - Shot by Michael Grabner.
19:05 of 3rd period - Stopped by Karri Ramo without a rebound.
19:06 of 3rd period - Mikael Granlund wins face-off versus Anze Kopitar in Kings zone.
19:06 of 3rd period - Mikael Granlund is hit by Jeff Skinner.
19:21 of 3rd period - Kris Letang is hit by Ladislav Smid and loses puck.
19:25 of 3rd period - Icing by Anze Kopitar.
19:26 of 3rd period - Anze Kopitar wins face-off versus Ryan Nugent-Hopkins in Flames zone.
19:46 of 3rd period - Shot by Anze Kopitar.
19:46 of 3rd period - Stopped by Karri Ramo with a rebound.
19:51 of 3rd period - Off-side.
19:52 of 3rd period - Mikhail Grabovski wins face-off versus Michael Grabner in neutral zone.
Goals for this period are 2 for Flames vs 1 for Kings.
Shots for this period are 7 for Flames vs 7 for Kings.

Overtime #1


0:01 of 1st overtime period - Ryan Kesler wins face-off versus Ryan Nugent-Hopkins in neutral zone.
0:01 of 1st overtime period - Ryan Kesler is hit by Mikael Granlund.
0:27 of 1st overtime period - Shot by Ryan Nugent-Hopkins.
0:27 of 1st overtime period - Shot Blocked by Andrew MacDonald.
0:29 of 1st overtime period - Shot by Mikael Granlund.
0:29 of 1st overtime period - Stopped by Jonathan Quick without a rebound.
0:30 of 1st overtime period - Ryan Nugent-Hopkins wins face-off versus Anze Kopitar in Flames zone.
0:33 of 1st overtime period - Shot by Mikael Granlund.
0:33 of 1st overtime period - Deflect By Ryan Nugent-Hopkins.
0:33 of 1st overtime period - Shot Misses the Net.
0:39 of 1st overtime period - Robyn Regehr is hit by Anze Kopitar and loses puck.
0:47 of 1st overtime period - Off-side.
0:48 of 1st overtime period - Ryan Nugent-Hopkins wins face-off versus Ryan Kesler in neutral zone.
2:03 of 1st overtime period - Off-side.
2:04 of 1st overtime period - Ryan Nugent-Hopkins wins face-off versus Anze Kopitar in neutral zone.
3:12 of 1st overtime period - Tyler Myers is hit by Bryce Salvador and loses puck.
Goals for this period are 0 for Flames vs 0 for Kings.
Shots for this period are 0 for Flames vs 1 for Kings.

ShootOut


5:00 of 1st overtime period - Penalty Shot by Anze Kopitar for Flames.
5:00 of 1st overtime period - Stopped by Karri Ramo.
5:00 of 1st overtime period - Penalty Shot by Ryan Nugent-Hopkins for Kings.
5:00 of 1st overtime period - Stopped by Jonathan Quick.
5:00 of 1st overtime period - Penalty Shot by Jeff Skinner for Flames.
5:00 of 1st overtime period - Goal by Jeff Skinner.
5:00 of 1st overtime period - Penalty Shot by Mikael Granlund for Kings.
5:00 of 1st overtime period - Goal by Mikael Granlund.
5:00 of 1st overtime period - Penalty Shot by Ryan Kesler for Flames.
5:00 of 1st overtime period - Stopped by Karri Ramo.
5:00 of 1st overtime period - Penalty Shot by Mikhail Grabovski for Kings.
5:00 of 1st overtime period - Shot Misses the Net.
5:00 of 1st overtime period - Penalty Shot by Mike Cammalleri for Flames.
5:00 of 1st overtime period - Stopped by Karri Ramo.
5:00 of 1st overtime period - Penalty Shot by Brian Gionta for Kings.
5:00 of 1st overtime period - Stopped by Jonathan Quick.
5:00 of 1st overtime period - Penalty Shot by Sam Gagner for Flames.
5:00 of 1st overtime period - Stopped by Karri Ramo.
5:00 of 1st overtime period - Penalty Shot by Mike Richards for Kings.
5:00 of 1st overtime period - Goal by Mike Richards.


Output by the SimonT Hockey Simulator (STHS) for Stephane Roy -- Original Page W3C XHTML 1.0 Valid
Hockey Simulator - Hockey Simulation - Hockey Manager